 Dungeon Crawl Stone Soup version 0.21-a0-229-g3587535 (webtiles) character file.

57 4thArraOfDagon the Cudgeler (level 3, -1/27 HPs)
             Began as a Mummy Warper on Sept 1, 2017.
             Was an Initiate of Ru.
             Slain by an orc (4 damage)
             ... on level 3 of the Dungeon.
             The game lasted 00:03:37 (864 turns).

4thArraOfDagon the Cudgeler (Mummy Warper)           Turns: 864, Time: 00:03:37

Health: -1/27      AC:  3    Str: 14    XL:     3   Next: 73%
Magic:  7/7        EV: 11    Int: 13    God:    Ru [......]
Gold:   71         SH:  0    Dex: 11    Spells: 7/7 levels left

rFire    x . .     SeeInvis .   a - +0 mace
rCold    + . .     Gourm    .   (no shield)
rNeg     + + +     Faith    .   b - +0 leather armour
rPois    ∞         Spirit   .   (no helmet)
rElec    .         Reflect  .   (no cloak)
rCorr    .         Harm     .   (no gloves)
MR       .....                  (no boots)
Stlth    +.........             (no amulet)
HPRegen  0.09/turn              (no ring)
MPRegen  0.10/turn              (no ring)

@: no status effects
A: no food or potions, fire vulnerability, cold resistance 1, negative energy
resistance 3, torment resistance, unbreathing
a: Renounce Religion


You were on level 3 of the Dungeon.
You worshipped Ru.
Ru was noncommittal.
You were not hungry.

You visited 1 branch of the dungeon, and saw 4 of its levels.

You collected 71 gold pieces.

Inventory:

Hand Weapons
 a - a +0 mace (weapon)
 i - a +0 falchion
 j - a +0 trident
Missiles
 f - a tomahawk (quivered)
Armour
 b - a +0 leather armour (worn)
Scrolls
 d - a scroll of blinking
 g - 6 scrolls of remove curse {unknown}
 h - a scroll of random uselessness {unknown}
Books
 c - a book of Spatial Translocations

   Spells                             Type                      Level
   a - Blink                          Translocation                2
   b - Shroud of Golubria             Charms/Translocation         2
   c - Lesser Beckoning               Translocation                3
   d - Gell's Gravitas                Translocation                3
   e - Teleport Other                 Translocation                3
   f - Passage of Golubria            Translocation                4


   Skills:
 - Level 2.0 Fighting
 * Level 3.4 Maces & Flails
 - Level 0.7 Throwing
 - Level 0.7 Armour
 - Level 1.5 Dodging
 - Level 2.6 Spellcasting
   Level 2.4 Translocations


You had 7 spell levels left.
You didn't know any spells.

Dungeon Overview and Level Annotations

Branches:
Dungeon (4/15)
 Temple: D:4-7

Altars:
Makhleb
Ru

Annotations:
D:2 Terence


Innate Abilities, Weirdness & Mutations

You do not eat or drink.
Your flesh is vulnerable to fire.
You are immune to poison.
Your flesh is cold resistant. (rC+)
You are immune to negative energy. (rN+++)
You are immune to unholy pain and torment.
You can survive without breathing.


Message History

The orc barely misses you.
Unknown command.
Unknown command.
Throwing (i - inventory):
f - 3 tomahawks (quivered)
Press: ? - help, Shift-Dir - straight line, f/p - orc priest
Aim: an orc priest, wearing a leather armour (translocational energy, moderately wounded)
You throw a tomahawk. The tomahawk hits the orc priest.
The orc priest is heavily wounded.
The orc priest barely misses you. The orc barely misses you.
The orc priest hits you but does no damage.
Unknown command.
Throwing (i - inventory):
f - 2 tomahawks (quivered)
Press: ? - help, Shift-Dir - straight line, f/p - orc priest
Aim: an orc priest, wearing a leather armour (heavily wounded)
You throw a tomahawk.
The tomahawk closely misses the orc priest.
The orc hits you.
* * * LOW HITPOINT WARNING * * *
The orc priest misses you. The orc hits you.
You die...

#### #.## #....#..... ... .(.
.......>#+# # ##### ..#
#..#.##.#.# # ..#.. ... #......#
######.#.# #.#########....
.....#.#.# #.#......%#..##
..##.#.#.# #.#.......#..##
.........##########.#.......#....
................@o.(+?......'..##
.###.########....o..#.......#....
.# #.# #.#######.......##.#. .#
#.# #.# ####### #.#. .# #.# #.#
.... .###.# ..# ##..# .))..# ..#
#... ###### ...# #... ##.# #...


You could see an orc priest and an orc.

Vanquished Creatures
  2 adders
  2 oozes
  2 dart slugs (D:1)
  A leopard gecko (D:2)
  2 orcs (D:3)
  A giant cockroach (D:3)
  3 hobgoblins
  3 jackals (D:4)
  2 kobolds
  A bat (D:3)
  A frilled lizard (D:3)
  2 goblins
  2 rats
24 creatures vanquished.

Notes
Turn   | Place    | Note
-------+----------+-------------------------------------------
     0 | D:1      | 4thArraOfDagon the Mummy Warper began the quest for the Orb.
     0 | D:1      | Reached XP level 1. HP: 16/16 MP: 4/4
    64 | D:1      | Reached skill level 2 in Maces & Flails
    87 | D:1      | Reached XP level 2. HP: 15/22 MP: 5/5
   157 | D:2      | Noticed Terence
   615 | D:4      | Reached skill level 3 in Maces & Flails
   615 | D:4      | Reached XP level 3. HP: 27/27 MP: 7/7
   625 | D:4      | Found a sacrificial altar of Ru.
   633 | D:4      | Became a worshipper of Ru the Awakened
   730 | D:4      | Found a burning altar of Makhleb.
   864 | D:3      | Slain by an orc

Vault maps used:
D:1:      dpeg_arrival_lava_altar
D:2:      grunt_temple_overflow_forces_of_nature, tgw_xom, uniq_terence
D:3:      grunt_temple_overflow_holy_war
D:4:      lemuel_round_altar, nicolae_ru_sacrificial_ziggurat, first_bread

Skill      XL: |  1  2 |
---------------+-------+-----
Maces & Flails | 2 3 |  3.4
Fighting       | |  2.0
Throwing       | |  0.7
Armour         | |  0.7
Dodging        | |  1.5
Spellcasting   | |  2.6
Translocations | |  2.4

Action                   || total
-------------------------++-------
Melee: Mace              ||    47
Throw: Tomahawk          ||    48
Armor: Leather armour    ||    14
Dodge: Dodged            ||    49

Table legend:
 A = Spawn XP
 B = Non-spawn XP
 C = Spawn XP percentage of total XP
 D = Spawn monster count
 E = Non-spawn monster count
 F = Spawn count percentage of total count
 G = Total turns spent on level
                    A         B        C        D         E        F      G
               +---------+---------+-------+---------+---------+-------+---------
         Total |       4 |      78 |   4.9 |       1 |      23 |   4.2 |   864
               +---------+---------+-------+---------+---------+-------+---------
           D:1 |       4 |      14 |  22.2 |       1 |       4 |  20.0 |   121
           D:2 |       0 |       8 |   0.0 |       0 |       5 |   0.0 |   223
           D:3 |       0 |      37 |   0.0 |       0 |      10 |   0.0 |   344
           D:4 |       0 |      19 |   0.0 |       0 |       4 |   0.0 |   176
               +---------+---------+-------+---------+---------+-------+---------
